 Dungeon Crawl Stone Soup version 0.27.1-4-g1640c2035a (webtiles) character file.

Game seed: 18193542218749509583

35 BinkBink the Protected (level 3, 0/25 HPs)
             Began as a Gnoll Wanderer on Nov 4, 2021.
             Slain by Sigmund (7 damage)
             ... on level 2 of the Dungeon.
             The game lasted 00:03:49 (1454 turns).

BinkBink the Protected (Gnoll Wanderer)             Turns: 1454, Time: 00:03:50

Health: 0/25       AC: 15    Str: 14    XL:     3   Next: 35%
Magic:  4/4        EV:  9    Int: 11    God:
Gold:   78         SH:  0    Dex:  9    Spells: 3/3 levels left

rFire    . . .     SeeInvis .   e - +3 mace
rCold    . . .     Faith    .   (no shield)
rNeg     + . .     Spirit   .   g - +0 pearl dragon scales
rPois    .         Reflect  .   (no helmet)
rElec    .         Harm     .   (no cloak)
rCorr    .         Rampage  .   (no gloves)
Will     .....                  (no boots)
Stlth    ..........             (no amulet)
HPRegen  0.08/turn              (no ring)
MPRegen  0.09/turn              (no ring)

@: no status effects
A: fangs 1, strong nose, distributed training
a: no special abilities


You were on level 2 of the Dungeon.
You visited 1 branch of the dungeon, and saw 2 of its levels.

You collected 78 gold pieces.

Inventory:

Hand Weapons
 a - a +0 mace
 e - a +3 mace (weapon)
Missiles
 k - 11 bolts
Armour
 d - a +0 robe
 g - +0 pearl dragon scales (worn)
Wands
 b - a wand of charming (15) (quivered)
Scrolls
 c - 3 scrolls of teleportation
 h - a scroll of blinking {unknown}
 j - a scroll of noise {unknown}
Potions
 f - a potion of curing {unknown}
 i - a potion of flight {unknown}
 l - a potion of attraction {unknown}


   Skills:
 + Level 0.7 Fighting
 + Level 0.7 Short Blades
 + Level 0.7 Long Blades
 + Level 0.7 Axes
 + Level 4.5 Maces & Flails
 + Level 0.7 Polearms
 + Level 0.7 Staves
 + Level 0.7 Slings
 + Level 0.7 Bows
 + Level 0.7 Crossbows
 + Level 0.7 Throwing
 + Level 12.0 Armour
 + Level 0.7 Dodging
 + Level 2.3 Stealth
 + Level 0.7 Shields
 + Level 0.7 Unarmed Combat
 + Level 0.7 Spellcasting
 + Level 0.5 Conjurations
 + Level 0.5 Hexes
 + Level 0.5 Summonings
 + Level 0.5 Necromancy
 + Level 0.5 Translocations
 + Level 0.5 Transmutations
 + Level 0.5 Fire Magic
 + Level 0.5 Ice Magic
 + Level 0.5 Air Magic
 + Level 0.5 Earth Magic
 + Level 0.5 Poison Magic
 + Level 0.9 Invocations
 + Level 2.6 Evocations


You had 3 spell levels left.
You didn't know any spells.
Your spell library was empty.

Dungeon Overview and Level Annotations

Branches:
Dungeon (2/15)

Altars:

Shops:
D:2 *

Annotations:
D:2 Sigmund


Innate Abilities, Weirdness & Mutations

You have very sharp teeth.
Your uncanny sense of smell can sniff out nearby items.
Your experience applies equally to all skills.


Message History

Sigmund shouts!
Sigmund casts a spell.
Sigmund flickers and vanishes!
Deactivating autopickup; reactivate with Ctrl-A.
No target in view!
A worm comes into view.
Something hits you but does no damage. Something hits you but does no damage.
Something hits you but does no damage. Something hits you!
Something hits you but does no damage. Something hits you but does no damage.
You hit the worm.
The worm is moderately wounded.
Something hits you but does no damage. The worm bites you but does no damage.
You hit the worm.
The worm is heavily wounded.
Something hits you. The worm barely misses you.
You hit the worm.
The worm is heavily wounded.
Something hits you.
You sock the worm!
The worm is almost dead.
The worm bites you but does no damage.
You sock the worm!
You kill the worm!
Something hits you! Something hits you but does no damage.
You hit something. Something hits you but does no damage.
You closely miss something. You sock something!
You hear some strange, mumbled words.
A puff of flame appears from out of thin air!
The puff of flame hits you.
* * * LOW HITPOINT WARNING * * *
Something hits you but does no damage.
You barely miss something. You hit something.
Something hits you but does no damage.
You barely miss something. Something hits you!
You die...

.#.⌠......#........#
#.#.#..#.
_#.≈........######.#
#.#.#..#.
##.≈....#...######.#
#.#....#.
...≈......[......#.#
#.####.#.
⌠≈⌠..#.#(#..####.#.#
#......#.
.....#.#.#..#..#.#.#
########)
.#####.#.#.......#.#
#. ##
#.#.#...#####.# #.
#.#.#.....{@..# #.
#.#.#....###### #)
#.#.#....# #.
######.# #....#
######. .....#.#
#....###### #......
.###.#.# #..<....w.#
#.##### ..(#.#.#
#..######{# #.#
.#.#.#.# #.>.)...#.#
#.# ##.#.#.#
#.......#.# #.#####


There were no monsters in sight!

Vanquished Creatures
  A worm (D:2)
  2 dart slugs
  3 ball pythons
  3 endoplasms
  A giant cockroach (D:2)
  3 hobgoblins
  2 kobolds (D:1)
  A quokka (D:1)
  A bat (D:1)
  A frilled lizard (D:1)
  3 goblins (D:2)
  6 rats (D:1)
27 creatures vanquished.

Vanquished Creatures (others)
  A plant (D:2)
1 creature vanquished.

Grand Total: 28 creatures vanquished

Notes
Turn   | Place    | Note
-------+----------+-------------------------------------------
     0 | D:1      | Reached skill level 12 in Armour
     0 | D:1      | BinkBink the Gnoll Wanderer began the quest for the Orb.
     0 | D:1      | BinkBink set off with the following items: a +0 mace, a
                  | wand of charming (15), a scroll of teleportation, a +0 robe
     0 | D:1      | Reached XP level 1. HP: 13/13 MP: 1/1
   409 | D:1      | Reached XP level 2. HP: 19/19 MP: 2/2
   677 | D:1      | You fall into a shaft and drop 1 floor!
   728 | D:2      | Found Qekayh's Assorted Antiques.
   873 | D:2      | Found a faded altar of an unknown god.
  1162 | D:2      | Reached XP level 3. HP: 25/25 MP: 3/3
  1407 | D:2      | Noticed Sigmund
  1454 | D:2      | Slain by Sigmund

Illustrated notes

Levels and vault maps discovered:
D:1:      dpeg_arrival_ratfight, layout_rooms
D:2:      layout_basic, shapermc_ecumenical_altar_acropolis, serial_shops,
          nicolae_diamond_shop, uniq_sigmund

Skill      XL: | |
---------------+-+-----
Armour         | | 12.0
Fighting       | |  0.7
Short Blades   | |  0.7
Long Blades    | |  0.7
Axes           | |  0.7
Maces & Flails | |  4.5
Polearms       | |  0.7
Staves         | |  0.7
Slings         | |  0.7
Bows           | |  0.7
Crossbows      | |  0.7
Throwing       | |  0.7
Dodging        | |  0.7
Stealth        | |  2.3
Shields        | |  0.7
Unarmed Combat | |  0.7
Spellcasting   | |  0.7
Conjurations   | |  0.5
Hexes          | |  0.5
Summonings     | |  0.5
Necromancy     | |  0.5
Translocations | |  0.5
Transmutations | |  0.5
Fire Magic     | |  0.5
Ice Magic      | |  0.5
Air Magic      | |  0.5
Earth Magic    | |  0.5
Poison Magic   | |  0.5
Invocations    | |  0.9
Evocations     | |  2.6

Action                   || total
-------------------------++-------
Melee: Mace              ||    56
       Bite              ||     2
 Stab: Sleeping          ||     2
Armor: Robe              ||     6
       Pearl dragon scal ||    30
Dodge: Dodged            ||    19
